 Dungeon Crawl Stone Soup version 0.26-a0-964-g69f9a3b9e2 (webtiles) character file.

Game seed: 7227870570570134466

7573 siradein the Spear-Bearer (level 10, -10/88 HPs)
             Began as a Troll Monk on Dec 2, 2020.
             Was a High Priest of Trog.
             Mangled by a yak (22 damage)
             ... on level 9 of the Dungeon.
             The game lasted 00:56:15 (9278 turns).

siradein the Spear-Bearer (Troll Monk)              Turns: 9278, Time: 00:56:15

Health: -10/88     AC: 13    Str: 30    XL:     10   Next: 97%
Magic:  9/9        EV: 12    Int:  6    God:    Trog [*****.]
Gold:   829        SH:  0    Dex: 14    Spells: 9/9 levels left

rFire    . . .     SeeInvis +   C - +5 spear of Onotsyla {flame, +Blink +Inv rElec}
rCold    + . .     Faith    .   (no shield)
rNeg     . . .     Spirit   .   D - +0 acid dragon scales
rPois    .         Reflect  .   (helmet restricted)
rElec    +         Harm     .   K - +1 cloak {rCorr}
rCorr    +         Rampage  .   (gloves unavailable)
MR       .....                  (boots unavailable)
Stlth    +.........             (no amulet)
HPRegen  0.64/turn              r - ring of protection from cold
MPRegen  0.11/turn              F - +6 ring of strength

@: berserk cooldown, slowed, very slow
A: large, unfitting armour, claws 3, see invisible, regeneration 1, shaggy fur
2, strong 1, tough skin 3
a: Berserk, Trog's Hand, Brothers in Arms, Renounce Religion, Evoke Blink, Evoke
Invisibility


You were on level 9 of the Dungeon.
You worshipped Trog.
Trog was extremely pleased with you.
You visited 2 branches of the dungeon, and saw 10 of its levels.
You also visited: Ossuary.

You collected 829 gold pieces.

Inventory:

Hand Weapons
 C - the +5 spear of Onotsyla (weapon) {flame, +Blink +Inv rElec}
   (You found it on level 5 of the Dungeon)

   It has been specially enchanted to burn those struck by it, causing extra
   injury to most foes and up to half again as much damage against particularly
   susceptible opponents.
   It insulates you from electricity.
   It lets you turn invisible.
   It lets you blink.
 J - the +1 spear "Witeg" {holy, rPois rC+ Dex-3}
   (You found it on level 8 of the Dungeon)

   It has been blessed by the Shining One to cause great damage to the undead
   and demons.
   It affects your dexterity (-3).
   It protects you from cold.
   It protects you from poison.
Missiles
 p - 5 large rocks (quivered)
Armour
 D - +0 acid dragon scales (worn)
 H - the +2 robe of Boinoaji {+Blink rC- MR+ MP+9}
   (You found it on level 7 of the Dungeon)

   It makes you vulnerable to cold.
   It affects your resistance to hostile enchantments.
   It affects your magic capacity (+9).
   It lets you blink.
 K - a +1 cloak of preservation (worn)
Jewellery
 o - an uncursed ring of see invisible
 r - a ring of protection from cold (left claw)
 v - an uncursed ring of wizardry
 F - a +6 ring of strength (right claw)
 G - an uncursed ring of stealth
Wands
 g - a wand of random effects (11)
 t - a wand of acid (10)
 u - a wand of enslavement (11)
 y - a wand of digging (4)
 E - a wand of paralysis (11)
Scrolls
 c - 2 scrolls of enchant weapon
 d - 4 scrolls of identify
 h - 2 scrolls of random uselessness
 i - 2 scrolls of fog
 j - 2 scrolls of fear
 k - 3 scrolls of teleportation
 l - 2 scrolls of noise
 n - 2 scrolls of immolation
 s - 6 scrolls of amnesia
 w - a scroll of magic mapping
 B - a scroll of remove curse
Potions
 b - 3 potions of might
 e - 2 potions of degeneration
 f - 5 potions of heal wounds
 m - 2 potions of lignification
 q - a potion of attraction
 x - 2 potions of curing
 z - a potion of flight {unknown}
 A - a potion of ambrosia


   Skills:
 - Level 2.4 Fighting
 + Level 11.2 Polearms
 + Level 4.7 Dodging
 - Level 1.0 Stealth
 - Level 9.6 Unarmed Combat


You had 9 spell levels left.
You didn't know any spells.
Your spell library was empty.

Dungeon Overview and Level Annotations

Branches:
Dungeon (9/15)             Temple (1/1) D:4         Ossuary (visited)
   Lair: D:8-11         Orc: D:9-12

Altars:
Ashenzari
Cheibriados
Dithmenos
Elyvilon
Fedhas
Gozag
Hepliaklqana
Kikubaaqudgha
Makhleb
Nemelex Xobeh
Okawaru
Qazlal
Ru
Sif Muna
Trog
Uskayaw
Vehumet
Wu Jian
Xom
Yredelemnul
Zin
The Shining One

Shops:
D:8 =   D:9 !

Annotations:
D:9 1 transporter, ardl's ghost, novice BaFi


Innate Abilities, Weirdness & Mutations

You are too large for most types of armour.
You have claws for hands.
Your natural rate of healing is unusually fast.
You are covered in thick fur. (AC +2)
You have extremely tough skin. (AC +3)
You have supernaturally acute eyesight. (SInv)
Your muscles are strong. (Str +2)


Message History

Trog accepts your kill. The yak closely misses you.
Ardl's ghost hits you but does no damage.
You hear an angry hiss.
The yak gores you but does no damage.
You puncture the yak! You burn the yak.
The yak is moderately wounded.
The yak gores you but does no damage.
Ardl's ghost says, "I'll split you in two!"
You feel a strong urge to attack something.
The yak closely misses you.
You are no longer berserk.
You are exhausted.
You feel yourself slow down. The komodo dragon bites you!!
* * * LOW HITPOINT WARNING * * *
The komodo dragon bites you!
* * * LOW HITPOINT WARNING * * *
The yak closely misses you. The yak gores you!!
You die...

....# #.........##......#
....# #.........##......#
....#
#.....<...##......##
....#
#..................#####
....#
#.........###©####.)...#
....#
#........##.###..#####.##
....#
#.......##.l.YHY#....#..#
....#
#.......#..Y.#...#...##.#
....#
#.......#.@##W.#Y.....#.#
#####
#####...#...#..©..##.©#.#
#..##.#.....#.....#.#
#..#....###[..##.##.#
#..##..#..!!$....#..#
#...###..#####..##.##
#.....####.©.####..#
##................##
###......(.#######


You could see a manticore, a komodo dragon and 3 yaks.

Vanquished Creatures
  A moth of wrath (D:9)
  A cyclops (D:9)
  Maurice (D:9)
  Maggie (D:9)
  A hornet (D:9)
  Sigmund (D:4)
  A wyvern (D:9)
  14 yaks
  Eustachio (D:5)
  Grum (D:8)
  A water moccasin (D:9)
  3 ice beasts
  2 orc warriors
  A black bear (D:8)
  4 ogres
  2 wolves (D:8)
  A centaur (D:9)
  2 big kobolds
  Blork the orc (D:4)
  A bullfrog (D:3)
  A wyvern zombie (D:8)
  4 scorpions
  2 howler monkeys
  2 bullfrog zombies
  A centaur zombie (D:7)
  2 quasits
  5 hounds
  4 orc priests
  15 orc wizards
  2 bullfrog skeletons
  2 iguanas
  Ijyb (D:3)
  Natasha (twice) (D:2 D:1)
  2 worker ants
  A killer bee zombie (D:5)
  2 big kobold zombies (Ossuary)
  2 hound skeletons
  9 mummies
  Robin (D:2)
  A gnoll (D:1)
  13 adders
  5 shadow imps
  4 white imps
  An adder zombie (D:7)
  2 adder skeletons
  5 worms
  3 dart slugs
  5 leopard geckos
  41 orcs
  3 giant cockroaches
  21 goblins
  9 hobgoblins
  9 jackals
  3 quokkas
  10 bats
  6 frilled lizards
  3 gnoll zombies (Ossuary)
  2 hobgoblin zombies (Ossuary)
  16 kobolds
  A kobold zombie (Ossuary)
  A quokka zombie (D:9)
  4 rats
269 creatures vanquished.

Vanquished Creatures (others)
  6 plants
6 creatures vanquished.

Grand Total: 275 creatures vanquished

Notes
Turn   | Place    | Note
-------+----------+-------------------------------------------
     0 | D:1      | siradein the Troll Monk began the quest for the Orb.
     0 | D:1      | Reached XP level 1. HP: 22/22 MP: 0/0
   100 | D:1      | Reached XP level 2. HP: 12/29 MP: 1/1
   295 | D:1      | Reached XP level 3. HP: 27/36 MP: 2/2
   717 | D:2      | Noticed Natasha
   728 | D:2      | Killed Natasha
   734 | D:2      | Noticed Natasha
   753 | D:1      | Killed Natasha
   754 | D:1      | Reached skill level 5 in Unarmed Combat
   754 | D:1      | Reached XP level 4. HP: 17/44 MP: 3/3
   871 | D:2      | Noticed Robin
   883 | D:2      | Killed Robin
  1189 | D:2      | Found a stormy altar of Qazlal.
  1495 | D:2      | Reached XP level 5. HP: 50/50 MP: 4/4
  1982 | D:3      | Reached XP level 6. HP: 53/59 MP: 5/5
  2087 | D:3      | Noticed Ijyb
  2095 | D:3      | Killed Ijyb
  2508 | D:4      | Noticed Blork the orc
  2515 | D:4      | Killed Blork the orc
  2528 | D:4      | Found a staircase to the Ecumenical Temple.
  2656 | Temple   | Entered the Ecumenical Temple
  2925 | Temple   | Became a worshipper of Trog the Wrathful
  2925 | Temple   | Reached * piety under Trog
  2925 | Temple   | Reached ** piety under Trog
  3195 | D:4      | Noticed Sigmund
  3198 | D:4      | Killed Sigmund
  3199 | D:4      | Reached XP level 7. HP: 66/66 MP: 6/6
  3385 | D:5      | Entered Level 5 of the Dungeon
  3413 | D:5      | Noticed Eustachio
  3429 | D:5      | Killed Eustachio
  3430 | D:5      | Found a sand-covered staircase.
  3494 | Ossuary  | Entered an ossuary
  3756 | D:5      | Got a masterwork spear
  3760 | D:5      | Identified the +5 spear of Onotsyla {flame, +Blink +Inv
                  | rElec} (You found it on level 5 of the Dungeon)
  3916 | D:5      | Reached skill level 1 in Polearms
  3962 | D:5      | Reached XP level 8. HP: 58/74 MP: 7/7
  4016 | D:5      | Reached *** piety under Trog
  4209 | D:5      | Reached skill level 2 in Polearms
  4492 | D:6      | Found a shimmering blue altar of Sif Muna.
  4524 | D:6      | Reached skill level 3 in Polearms
  4773 | D:6      | Reached skill level 4 in Polearms
  4829 | D:6      | Found an ornate altar of the Wu Jian Council.
  4993 | D:6      | Found a sparkling altar of Nemelex Xobeh.
  5807 | D:7      | Reached skill level 5 in Polearms
  5810 | D:7      | Reached **** piety under Trog
  6213 | D:7      | Reached skill level 6 in Polearms
  6390 | D:7      | Reached XP level 9. HP: 80/80 MP: 8/8
  6418 | D:7      | Got an ancient robe
  6419 | D:7      | Identified the +2 robe of Boinoaji {+Blink rC- MR+ MP+9}
                  | (You found it on level 7 of the Dungeon)
  6498 | D:7      | Found a glowing golden altar of the Shining One.
  6872 | D:8      | Got a masterwork spear
  6873 | D:8      | Identified the +1 spear "Witeg" {holy, rPois rC+ Dex-3}
                  | (You found it on level 8 of the Dungeon)
  7032 | D:8      | Found Ugraxzam's Jewellery Shoppe.
  7072 | D:8      | Reached skill level 7 in Polearms
  7082 | D:8      | Gained mutation: You are covered in thick fur. (AC +2)
                  | [potion of mutation]
  7082 | D:8      | Gained mutation: You have supernaturally acute eyesight.
                  | (SInv) [potion of mutation]
  7082 | D:8      | Gained mutation: Your muscles are strong. (Str +2) [potion
                  | of mutation]
  7119 | D:8      | Noticed Grum
  7133 | D:8      | Killed Grum
  7376 | D:8      | Reached skill level 8 in Polearms
  7698 | D:9      | Reached skill level 9 in Polearms
  7708 | D:9      | Reached ***** piety under Trog
  7835 | D:9      | Reached XP level 10. HP: 41/88 MP: 9/9
  8095 | D:9      | Paralysed by a hornet for 3 turns
  8102 | D:9      | Reached skill level 10 in Polearms
  8243 | D:9      | Noticed a cyclops
  8254 | D:9      | Killed a cyclops
  8525 | D:9      | Noticed Maggie
  8540 | D:9      | Killed Maggie
  8681 | D:9      | Noticed Maurice
  8707 | D:9      | Killed Maurice
  8759 | D:9      | Reached skill level 11 in Polearms
  9052 | D:9      | Found Rocijo's Distillery.
  9125 | D:9      | Found a transporter.
  9126 | D:9      | Noticed ardl's ghost (novice BaFi)
  9139 | D:9      | Found a transporter.
  9142 | D:9      | Noticed a moth of wrath
  9143 | D:9      | Noticed a manticore
  9271 | D:9      | Killed a moth of wrath
  9278 | D:9      | Mangled by a yak

Illustrated notes

Levels and vault maps discovered:
D:1:      giann_forest_graveyard, layout_loops_ring
D:2:      layout_basic, general_overflow_altar, serial_bayou,
          serial_bayou_pond_e, serial_bayou_shore_a, serial_bayou_shore_b,
          serial_bayou_crossing, serial_bayou_pond_a, serial_bayou_pond_e,
          hangedman_abyss_or_decor_stabs, uniq_robin, uniq_natasha
D:3:      layout_basic, minmay_cut_off, uniq_ijyb
D:4:      layout_loops_cross, minmay_temple_entry_mist,
          kennysheep_generic_room_12, uniq_blork_the_orc, uniq_sigmund
D:5:      layout_loops_ring, gup_ossuary_entry_pyramid, bh_walls_and_bars,
          uniq_eustachio
D:6:      layout_basic, lemuel_crystal_altar, lemuel_crystal_altar,
          nemelex_diamond_rough_becter
D:7:      cheibrodos_quashed, layout_loops_ring, lemuel_crystal_altar
D:8:      layout_loops_ring, serial_shops, shop, uniq_grum
D:9:      layout_long_grid, serial_shops,
          nicolae_shop_temple_entry_statues_fountains, serial_rivers,
          chequers_serial_rivers_small_b, chequers_serial_rivers_micro_b,
          chequers_serial_rivers_micro_c, chequers_serial_rivers_room_a,
          gammafunk_ghost_berserking_beasts, serial_bayou_pond_a, uniq_maurice,
          uniq_maggie
Temple:   regret_index_temple_mists

Skill      XL: |  1  2  3  4  5  6  7  8  9 10 |
---------------+-------------------------------+-----
Unarmed Combat | 4 5 6 8 9 |  9.6
Polearms       | 1 6 9 11 | 11.2
Dodging        | 4 |  4.7
Fighting       | |  2.4
Stealth        | |  1.0

Action                   |  1- 3 |  4- 6 |  7- 9 | 10-12 || total
-------------------------+-------+-------+-------+-------++-------
Melee: Unarmed           |    73 |   157 |    71 |       ||   301
       Punch             |       |     7 |    17 |    16 ||    40
       Spear             |       |       |   380 |   167 ||   547
Invok: Trog's Hand       |       |       |       |     1 ||     1
       Brothers in Arms  |       |       |       |     1 ||     1
  Use: Scroll            |       |       |    13 |     5 ||    18
       Potion            |       |       |    10 |       ||    10
 Stab: Sleeping          |     2 |     6 |    11 |       ||    19
       Distracted        |       |       |       |     2 ||     2
Armor: Robe              |    23 |    48 |   120 |    12 ||   203
       Acid dragon scale |       |       |       |    15 ||    15
Dodge: Dodged            |    39 |    59 |   162 |    52 ||   312

Table legend: (Time is in decaauts)
 A = Elapsed time spent in this place.
 B = Non-inter-level travel time spent in this place.
 C = Inter-level travel time spent in this place.
 D = Time resting spent in this place.
 E = Time spent auto-exploring this place.
 F = Levels seen in this place.
 G = Mean time per level.
                   A        B        C        D        E       F      G
               +--------+--------+--------+--------+--------+-----+--------+
         Total |   9251 |   8974 |    277 |    404 |   6245 |  11 |  841.0 |
       Dungeon |   8627 |   8350 |    277 |    404 |   5922 |   9 |  958.6 |
        Temple |    372 |    372 |      0 |      0 |    164 |   1 |  372.0 |
       Ossuary |    251 |    251 |      0 |      0 |    159 |   1 |  251.0 |
               +--------+--------+--------+--------+--------+-----+--------+

Top non-repeatable levels by time:
     D:8: 1254 daAuts
     D:9: 1242 daAuts
     D:6: 1139 daAuts
     D:2: 980 daAuts
     D:5: 957 daAuts
     D:7: 912 daAuts
     D:1: 773 daAuts
     D:3: 720 daAuts
     D:4: 646 daAuts
  Temple: 372 daAuts
 Ossuary: 251 daAuts
